 Dungeon Crawl Stone Soup version 0.21.1-1-g345015f (webtiles) character file.

2 teukkam the Magician (level 1, -1/13 HPs)
             Began as a Gnoll Wanderer on Feb 14, 2018.
             Slain by a quokka (2 damage)
             ... on level 2 of the Dungeon.
             The game lasted 00:02:35 (369 turns).

teukkam the Magician (Gnoll Wanderer)                Turns: 369, Time: 00:02:35

Health: -1/13      AC:  3    Str: 13    XL:     1   Next: 30%
Magic:  6/6        EV: 11    Int: 15    God:
Gold:   52         SH:  0    Dex: 14    Spells: 8/9 levels left

rFire    . . .     SeeInvis .   a - +0 hand axe
rCold    . . .     Gourm    .   (no shield)
rNeg     . . .     Faith    .   e - +0 robe
rPois    .         Spirit   .   (no helmet)
rElec    .         Reflect  .   k - +0 cloak
rCorr    .         Harm     .   (no gloves)
MR       .....                  (no boots)
Stlth    ++........             (no amulet)
HPRegen  0.04/turn              (no ring)
MPRegen  0.10/turn              (no ring)

@: no status effects
A: distributed training, fangs 1, strong nose
a: no special abilities


You were on level 2 of the Dungeon.
You were not hungry.

You visited 1 branch of the dungeon, and saw 3 of its levels.

You collected 52 gold pieces.

Inventory:

Hand Weapons
 a - a +0 hand axe (weapon)
 b - a +2 blowgun
 i - a +0 short sword
Missiles
 h - 3 curare-tipped needles
Armour
 e - a +0 robe (worn)
 k - a +0 cloak (worn)
Potions
 g - a potion of might {unknown}
Books
 c - the Incunabulum of Moulding

   Spells                             Type                      Level
   a - Beastly Appendage              Transmutation                1
   b - Spider Form                    Transmutation/Poison         3
 d - the Incunabulum of the Traveller

   Spells                             Type                      Level
   a - Apportation                    Translocation                1
   b - Gell's Gravitas                Translocation                3
Comestibles
 f - 3 rations
 j - a chunk of flesh


   Skills:
 + Level 0.0 Fighting
 + Level 0.0 Short Blades
 + Level 0.0 Long Blades
 + Level 0.0 Axes
 + Level 0.0 Maces & Flails
 + Level 0.0 Polearms
 + Level 0.0 Staves
 + Level 0.0 Slings
 + Level 2.3 Bows
 + Level 0.0 Crossbows
 + Level 2.3 Throwing
 + Level 4.4 Armour
 + Level 0.0 Dodging
 + Level 2.1 Stealth
 + Level 0.0 Shields
 + Level 0.0 Unarmed Combat
 + Level 4.8 Spellcasting
 + Level 0.0 Conjurations
 + Level 0.0 Hexes
 + Level 0.0 Charms
 + Level 3.6 Summonings
 + Level 0.0 Necromancy
 + Level 1.9 Translocations
 + Level 0.0 Transmutations
 + Level 0.0 Fire Magic
 + Level 0.0 Ice Magic
 + Level 0.0 Air Magic
 + Level 0.0 Earth Magic
 + Level 0.0 Poison Magic
 + Level 0.0 Invocations
 + Level 0.0 Evocations


You had 8 spell levels left.
You knew the following spells:

 Your Spells              Type           Power        Failure   Level  Hunger
a - Apportation           Tloc           #.....       8%          1    None


Dungeon Overview and Level Annotations

Branches:
Dungeon (3/15)

Altars:


Innate Abilities, Weirdness & Mutations

Your experience applies equally to all skills.
You have very sharp teeth.
Your uncanny sense of smell can sniff out nearby items.


Message History

You closely miss the quokka. The quokka bites you. The quokka misses you.
You hit the quokka.
The quokka is severely wounded.
The quokka bites you.
You barely miss the quokka. You bite the quokka.
The quokka is almost dead.
The quokka bites you. x2
You barely miss the quokka.
The quokka is almost dead.
The quokka closely misses you.
The quokka bites you but does no damage.
You closely miss the quokka. You bite the quokka, but do no damage.
The quokka is almost dead.
The quokka barely misses you.
You miss the quokka. You bite the quokka, but do no damage.
The quokka is almost dead.
The quokka bites you.
* * * LOW HITPOINT WARNING * * *
The quokka bites you.
You die...

.............# #.
...........#.# #.
#.##.......#.######.
#.##.............##.
#................##.
###.............##.
######...............##.
........#####........##.
.......@# #........##.
.......r# #........##.
........# #........##.
........# #........##.
...)....# #........##.
........# #........###
+#####.## #........# #.
##########


You could see a quokka.

Vanquished Creatures
  2 bats (D:2)
2 creatures vanquished.

Notes
Turn   | Place    | Note
-------+----------+-------------------------------------------
     0 | D:1      | teukkam the Gnoll Wanderer began the quest for the Orb.
     0 | D:1      | teukkam set off with: 3 curare-tipped needles, a +2 blowgun, the Incunabulum of Moulding, the Incunabulum of the Traveller, a +0 robe, a ration
     0 | D:1      | Reached XP level 1. HP: 13/13 MP: 6/6
    40 | D:1      | Identified the Incunabulum of Moulding
    40 | D:1      | Identified the Incunabulum of the Traveller
    42 | D:1      | Learned a level 1 spell: Apportation
   369 | D:2      | Slain by a quokka

Action                   || total
-------------------------++-------
Melee: Hand axe          ||    14
       Bite              ||     3
 Cast: Apportation       ||     5
Armor: Robe              ||     3
Dodge: Dodged            ||    14
